 Dungeon Crawl Stone Soup version 0.31-a0-204-g7da18cac08 (webtiles) character file.

Game seed: 878954331826705209

268 qw the Skirmisher (level 6, -1/35 HPs)
             Began as a Deep Elf Hunter on June 27, 2023.
             Slain by Sigmund
             ... wielding a +0 scythe
              (11 damage)
             ... on level 3 of the Dungeon.
             The game lasted 00:01:01 (2283 turns).

qw the Skirmisher (Deep Elf Hunter)                 Turns: 2283, Time: 00:01:01

Health: -1/35      AC:  1    Str: 16    XL:     6   Next: 1%
Magic:  8/8        EV: 13    Int: 14    God:
Gold:   201        SH:  0    Dex: 18    Spells: 5/5 levels left

rFire   . . .        Y - +0 shortbow
rCold   . . .        (shield currently unavailable)
rNeg    . . .        (no body armour)
rPois   .            (no helmet)
rElec   .            g - +0 cloak
rCorr   .            (no gloves)
SInv    .            (no boots)
Will    .....        (no amulet)
Stlth   ++           f - +6 ring of strength
HPRegen 0.25/turn    (no ring)
MPRegen 0.11/turn

%: no passive effects
@: no status effects
A: no striking features
a: no special abilities


You were on level 3 of the Dungeon.
You visited 1 branch of the dungeon, and saw 3 of its levels.

You collected 201 gold pieces.


   Skills:
 - Level 2.0 Fighting
 - Level 9.2 Ranged Weapons
 - Level 1.0 Armour
 + Level 2.4 Dodging
 - Level 1.2 Stealth


You had 5 spell levels left.
You didn't know any spells.
Your spell library was empty.

Inventory:

Hand Weapons
 Y - a +0 shortbow (weapon)
Armour
 e - a +0 scale mail
 g - a +0 cloak (worn)
 m - a +0 ring mail
 n - a +0 helmet
Jewellery
 f - a +6 ring of strength (left hand)
 h - a ring of ice
Scrolls
 c - a scroll of identify
 i - a scroll of revelation {unknown}
 l - 2 scrolls of teleportation
Potions
 a - a potion of invisibility {unknown}
 b - a potion of mutation {unknown}
 d - a potion of degeneration {unknown}
 j - 2 potions of curing {unknown}
 k - a potion of berserk rage {unknown}

Dungeon Overview and Level Annotations

Branches:
Dungeon (3/15)

Altars:

Shops:
D:1 (

Annotations:
D:3 Sigmund


Message History

Sigmund hits you from afar with a +0 scythe.
You shoot an arrow. The arrow closely misses Sigmund.
Sigmund closely misses you.
You shoot an arrow. The arrow hits Sigmund.
Sigmund is lightly wounded.
Sigmund points at you and mumbles some strange words.
The puff of flame hits you!
You shoot an arrow.
The arrow hits Sigmund but does no damage.
Sigmund is lightly wounded.
Sigmund hits you from afar with a +0 scythe.
You shoot an arrow. The arrow hits Sigmund.
Sigmund is moderately wounded.
Sigmund points at you and mumbles some strange words.
You resist with some effort.
You shoot an arrow. The arrow barely misses Sigmund.
Sigmund barely misses you.
You shoot an arrow. The arrow hits Sigmund.
Sigmund is heavily wounded.
You shoot an arrow. The arrow closely misses Sigmund.
Sigmund hits you from afar with a +0 scythe.
Enter note:
Enter note:
2277 ||| UPGRADING to +0 ring mail.
Sigmund barely misses you.
You start removing your armour.
You continue taking off your +0 scale mail.
Sigmund barely misses you.
You continue taking off your +0 scale mail. x2
Sigmund hits you from afar with a +0 scythe.
You continue taking off your +0 scale mail.
Sigmund says, "You will soon forget everything."
Sigmund misses you.
You finish taking off your +0 scale mail.
2282 ||| UPGRADING to +0 scale mail.
You start putting on your armour.
You continue putting on your +0 scale mail.
Sigmund hits you from afar with a +0 scythe!
Keep equipping yourself?
You die...

########.# #.## # #... #
#### # ## # # .. # #.#
#.#####
########.###......
#..@......######## #@#
#..# # #
#.######..######## #.
#.##..............
.###.##.##.###..########
.........[.# #..#
####.#...#####..#
#............#
###...######.# ##.## #.#


You could see Sigmund.

Vanquished Creatures
  An ogre (D:3)
  Ijyb (D:3)
  Robin (D:3)
  5 adders
  A worm (D:2)
  4 dart slugs
  6 orcs (D:3)
  6 ball pythons
  2 bat zombies (D:3)
  2 endoplasms
  4 giant cockroaches
  15 goblins
  9 hobgoblins
  5 jackals
  2 quokkas
  2 bats (D:1)
  5 frilled lizards
  5 kobolds
  9 rats
85 creatures vanquished.

Notes
Turn   | Place    | Note
-------+----------+-------------------------------------------
     0 | D:1      | qw the Deep Elf Hunter began the quest for the Orb.
     0 | D:1      | Reached XP level 1. HP: 12/12 MP: 3/3
     0 | D:1      | 0 ||| qw: Version: 0.3-a-22-g0ed2b0b
     0 | D:1      | 0 ||| qw: Game counter: 6580
     0 | D:1      | 0 ||| qw: Melee chars always use a shield: true
     0 | D:1      | 0 ||| qw: God list: Okawaru
     0 | D:1      | 0 ||| qw: Allow faded altars: false
     0 | D:1      | 0 ||| qw: Do Orc after clearing Dungeon:15 true
     0 | D:1      | 0 ||| qw: Do second Lair branch before Depths: true
     0 | D:1      | 0 ||| qw: Lair rune preference: random
     0 | D:1      | 0 ||| qw: Goals: Normal
     0 | D:1      | 0 ||| PLANNING D:1-11
   110 | D:1      | Reached XP level 2. HP: 16/16 MP: 4/4
   118 | D:1      | Reached skill level 6 in Ranged Weapons
   185 | D:1      | 185 ||| Stepping ~*~*~tactically~*~*~ (water).
   235 | D:1      | 235 ||| Stepping ~*~*~tactically~*~*~ (water).
   238 | D:1      | 238 ||| Stepping ~*~*~tactically~*~*~ (water).
   256 | D:1      | Found Zetot's Weapon Shop.
   538 | D:1      | Reached XP level 3. HP: 19/20 MP: 5/5
   763 | D:1      | 763 ||| UPGRADING to +0 scale mail.
   773 | D:1      | 773 ||| DROPPING +0 leather armour.
   774 | D:1      | 774 ||| UPGRADING to +0 cloak.
   779 | D:1      | 779 ||| READING 2 scrolls labelled CIT YGRIODD.
   780 | D:1      | 780 ||| READING scroll labelled CUAQOU DITOJ.
   784 | D:1      | 784 ||| DROPPING scroll of immolation.
   785 | D:1      | 785 ||| DROPPING scroll of butterflies.
   967 | D:2      | Reached skill level 7 in Ranged Weapons
  1193 | D:2      | Reached XP level 4. HP: 23/25 MP: 6/6
  1531 | D:2      | 1531 ||| UPGRADING to +6 ring of strength.
  1532 | D:2      | 1532 ||| READING scroll labelled BOUTEMMEU.
  1533 | D:2      | 1533 ||| READING scroll labelled BAKEHUMISIYC.
  1534 | D:2      | 1534 ||| READING scroll labelled TANUNTO NAELU.
  1614 | D:3      | 1614 ||| STAIRDANCE
  1756 | D:3      | Noticed an ogre
  1763 | D:3      | Killed an ogre
  1764 | D:3      | Reached skill level 8 in Ranged Weapons
  1764 | D:3      | Reached XP level 5. HP: 29/29 MP: 7/7
  1767 | D:3      | Reached skill level 9 in Ranged Weapons
  1962 | D:3      | Found a faded altar of an unknown god.
  1968 | D:3      | Noticed Ijyb
  1994 | D:3      | Killed Ijyb
  1995 | D:3      | Reached skill level 1 in Armour
  2074 | D:3      | Noticed Robin
  2084 | D:3      | Killed Robin
  2133 | D:3      | Reached XP level 6. HP: 35/35 MP: 8/8
  2267 | D:3      | Noticed Sigmund
  2277 | D:3      | 2277 ||| UPGRADING to +0 ring mail.
  2282 | D:3      | 2282 ||| UPGRADING to +0 scale mail.
  2283 | D:3      | Slain by Sigmund

Levels and vault maps discovered:
D:1:      ncdulo_halloftheorcs, layout_basic, serial_shops, shop_coins,
          kennysheep_boxes
D:2:      layout_basic, minmay_tree_intersection
D:3:      layout_loops_ring, kennysheep_vampire_church,
          shapermc_ecumenical_altar_venn, minmay_cupped, uniq_sigmund,
          uniq_ijyb, uniq_robin

Skill      XL: |  1  2  3  4  5 |
---------------+----------------+-----
Ranged Weapons | 6 7 8 9 |  9.2
Fighting       | 2 |  2.0
Armour         | 1 |  1.0
Dodging        | |  2.4
Stealth        | |  1.2

Action                     |  1- 3 |  4- 6 || total
---------------------------+-------+-------++-------
   Fire: Shortbow          |   132 |   137 ||   269
    Use: Scroll            |     2 |     3 ||     5
 Armour: Leather armour    |     2 |       ||     2
         Scale mail        |    10 |    42 ||    52
  Dodge: Dodged            |    18 |    43 ||    61

Table legend:
 A = Non-vault XP
 B = Vault XP
 C = Vault XP percentage of total XP
 D = Non-vault monster count
 E = Vault monster count
 F = Vault count percentage of total count
                 A         B        C        D         E       F
            +---------+---------+-------+---------+---------+-------
      Total |     304 |      80 |  20.8 |      68 |      17 |  20.0
            +---------+---------+-------+---------+---------+-------
        D:1 |      46 |       0 |   0.0 |      23 |       0 |   0.0
        D:2 |      91 |       0 |   0.0 |      25 |       0 |   0.0
        D:3 |     167 |      80 |  32.4 |      20 |      17 |  45.9
            +---------+---------+-------+---------+---------+-------
